 Dungeon Crawl Stone Soup version 0.26-a0-720-g2a1d101370 (webtiles) character file.

Game seed: 10190127286668449994

4113 nicknak712 the Spear-Bearer (level 10, -4/77 HPs)
             Began as a Human Fighter on Nov 4, 2020.
             Was a Priest of the Shining One.
             Slain by a two-headed ogre
             ... wielding a +0 giant club
              (7 damage)
             ... on level 8 of the Dungeon.
             The game lasted 00:46:13 (9018 turns).

nicknak712 the Spear-Bearer (Human Fighter)         Turns: 9018, Time: 00:46:14

Health: -4/77      AC: 12    Str: 22    XL:     10   Next: 51%
Magic:  0/15       EV: 11    Int: 16    God:    the Shining One [***...]
Gold:   218        SH:  0    Dex: 11    Spells: 15/16 levels left

rFire    + . .     SeeInvis .   S - +1 glaive (flame)
rCold    . . .     Faith    .   (shield currently unavailable)
rNeg     + . .     Spirit   +   T - +1 swamp dragon scales
rPois    +         Reflect  .   (no helmet)
rElec    .         Harm     .   h - scarf {shadows}
rCorr    +         Rampage  .   R - +0 pair of gloves
MR       .....                  J - +0 pair of boots of Izoanlia {rPois rCorr Str+2 Dex-2}
Stlth    ..........             F - amulet of guardian spirit
HPRegen  0.22/turn              l - +6 ring of intelligence
MPRegen  0.14/turn              m - ring of protection from fire

@: glowing
A: clever 1, wild magic 1
a: Divine Shield, Renounce Religion


You were on level 8 of the Dungeon.
You worshipped the Shining One.
The Shining One was most pleased with you.
You visited 1 branch of the dungeon, and saw 8 of its levels.

You collected 417 gold pieces.
You spent 199 gold pieces at shops.

Inventory:

Hand Weapons
 a - a +0 trident
 d - a +2 spear
 C - a +2 dagger of venom
 S - a +1 glaive of flaming (weapon)
Missiles
 e - 241 stones
 i - 73 bolts
 j - 5 boomerangs
 o - 4 silver javelins (quivered)
 A - 92 arrows
 B - 32 poisoned darts
 E - 6 atropa-tipped darts
Armour
 b - a +0 scale mail
 c - a +0 kite shield
 h - a scarf of shadows (worn)
 q - a +3 leather armour
 x - a -1 cloak
 J - the +0 pair of boots of Izoanlia (worn) {rPois rCorr Str+2 Dex-2}
   (You bought it in a shop on level 4 of the Dungeon)

   It affects your strength (+2).
   It affects your dexterity (-2).
   It protects you from poison.
   It provides partial protection from all sources of acid and corrosion.
 R - a +0 pair of gloves (worn)
 T - +1 swamp dragon scales (worn)
Magical Staves
 N - an uncursed staff of fire
Jewellery
 l - a +6 ring of intelligence (left hand)
 m - a ring of protection from fire (right hand)
 y - an uncursed ring of stealth
 F - an amulet of guardian spirit (around neck)
 M - a cursed amulet of inaccuracy
 U - an uncursed ring of ice
Wands
 r - a wand of disintegration (14)
 G - a wand of enslavement (5)
 H - a wand of acid (7)
Scrolls
 g - 2 scrolls of enchant armour
 k - 2 scrolls of amnesia
 p - 6 scrolls of identify
 s - 3 scrolls of remove curse
 t - 4 scrolls of teleportation
 u - a scroll of blinking
 w - 3 scrolls of fog
 D - 2 scrolls of magic mapping
Potions
 f - 7 potions of curing
 n - a potion of stabbing
 v - 2 potions of resistance {unknown}
 z - a potion of haste


   Skills:
 + Level 6.6 Fighting
 * Level 8.0 Polearms
 + Level 6.8 Armour
 - Level 0.7 Dodging
 - Level 5.9 Shields
 + Level 3.6 Spellcasting
 + Level 6.2 Invocations


You had 15 spell levels left.
You knew the following spells:

 Your Spells              Type           Power        Failure   Level
a - Corona                Hex            #......      34%         1

Your spell library contained the following spells:

 Spells                   Type           Power        Failure   Level
 Animate Skeleton         Necr           #.....       34%         1
 Pain                     Necr           #...         34%         1
 Ensorcelled Hibernation  Hex/Ice        #.....       45%         2
 Confusing Touch          Hex            #.......     69%         3
 Dazzling Flash           Conj/Hex       #.....       69%         3
 Tukima's Dance           Hex            #.......     69%         3
 Vampiric Draining        Necr           #.........   69%         3
 Animate Dead             Necr           #.........   97%         4
 Agony                    Necr           #.......     100%        5


Dungeon Overview and Level Annotations

Branches:
Dungeon (8/15)             Temple (0/1) D:6
   Lair: D:8-11

Altars:
Ashenzari
Kikubaaqudgha
Trog
Vehumet
Xom
Yredelemnul
Zin
The Shining One

Shops:
D:4 [   D:5 }   D:6 :


Innate Abilities, Weirdness & Mutations

Your mind is acute. (Int +2)
Your spells are a little harder to cast, but a little more powerful.


Message History

Things that are here:
a black bear corpse; a bullfrog corpse; a water moccasin corpse You feel sick.
Things that are here:
a black bear corpse; a bullfrog corpse; a water moccasin corpse You feel sick.
You feel sick.
You are no longer poisoned.
A two-headed ogre comes into view.
It is wielding a +0 giant club and a +0 giant spiked club.
The two-headed ogre shouts in stereo!
The two-headed ogre hits you with a +0 giant club!
The two-headed ogre barely misses you.
The two-headed ogre hits you with a +0 giant club!!
* * * LOW HITPOINT WARNING * * *
The two-headed ogre barely misses you.
The two-headed ogre hits you with a +0 giant club!
* * * LOW HITPOINT WARNING * * *
The two-headed ogre barely misses you.
The two-headed ogre hits you with a +0 giant club!
You die...

#. .....##.#######
.............#######
#.#...>.............
....####.##.###.###
.......)##.# #.#
#.#####.##.# #.# #.#
###.##.# #.# #@#
#.)....# #.#
#O###......# #.#
#.)...........
PP.....###......###
..P.P... #....>...
.PPP...#.###.######
.......#.# #.#
.P.....# # .#
PP..P.P#


You could see a two-headed ogre.

Vanquished Creatures
  Maggie (D:6)
  Grinder (D:5)
  A wyvern (D:7)
  3 water moccasins (D:8)
  Duvessa (D:5)
  2 orc warriors
  3 ice beasts
  2 sky beasts
  2 black bears (D:8)
  2 hornet zombies
  A phantom (D:5)
  3 bullfrogs
  Dowan (D:5)
  A scorpion (D:7)
  A water moccasin skeleton (D:5)
  6 killer bees (D:7)
  10 wights
  2 hounds (D:7)
  2 bullfrog zombies
  A centaur zombie (D:6)
  4 orc priests
  A bullfrog skeleton (D:6)
  3 jellies
  8 orc wizards
  3 iguanas
  5 worker ants
  3 adders
  A howler monkey skeleton (D:4)
  A white imp (D:6)
  2 oozes
  An adder zombie (D:8)
  4 adder skeletons
  3 worms
  2 dart slugs
  4 leopard geckos
  25 orcs
  3 bat zombies (D:7)
  6 giant cockroaches
  5 goblins
  6 hobgoblins
  2 jackals (D:3)
  6 kobolds
  4 quokkas
  7 bats
  3 frilled lizards
  A leopard gecko skeleton (D:3)
  10 rats
  2 rat zombies (D:7)
171 creatures vanquished.

Vanquished Creatures (others)
  An ogre (D:7)
  An iguana (D:7)
  An adder (D:7)
  19 fungi (D:8)
  20 plants (D:8)
42 creatures vanquished.

Grand Total: 213 creatures vanquished

Notes
Turn   | Place    | Note
-------+----------+-------------------------------------------
     0 | D:1      | nicknak712 the Human Fighter began the quest for the Orb.
     0 | D:1      | Reached XP level 1. HP: 18/18 MP: 1/1
   105 | D:1      | Reached XP level 2. HP: 24/24 MP: 2/2
   173 | D:1      | Found a glowing golden altar of the Shining One.
   190 | D:1      | Became a worshipper of the Shining One
   690 | D:1      | Reached XP level 3. HP: 29/29 MP: 3/3
  1249 | D:2      | Reached skill level 3 in Polearms
  1736 | D:2      | Reached XP level 4. HP: 35/35 MP: 4/4
  1968 | D:3      | Noticed a bullfrog
  1977 | D:3      | Killed a bullfrog
  1977 | D:3      | Reached XP level 5. HP: 23/41 MP: 5/5
  2158 | D:3      | Reached skill level 4 in Polearms
  2417 | D:3      | Noticed an ice beast
  2479 | D:3      | Killed an ice beast
  2479 | D:3      | Reached skill level 1 in Invocations
  2479 | D:3      | Reached XP level 6. HP: 24/47 MP: 6/6
  3124 | D:3      | Noticed a moth of wrath
  3127 | D:3      | Found a bloodstained altar of Trog.
  3426 | D:4      | Reached * piety under the Shining One
  3744 | D:4      | Reached XP level 7. HP: 46/53 MP: 5/8
  3854 | D:4      | Found Siazot's Antique Armour Shop.
  3943 | D:4      | Found a glowing silver altar of Zin.
  4231 | D:4      | Found a radiant altar of Vehumet.
  4395 | D:4      | Bought a pair of fading boots for 199 gold pieces
  4400 | D:4      | Identified the cursed +0 pair of boots of Izoanlia {rPois
                  | rCorr Str+2 Dex-2} (You bought it in a shop on level 4 of
                  | the Dungeon)
  4418 | D:5      | Entered Level 5 of the Dungeon
  4481 | D:5      | Found Rod Vaogh's Gadget Shop.
  4558 | D:5      | Noticed Grinder
  4563 | D:5      | Paralysed by Grinder for 3 turns
  4573 | D:5      | Paralysed by Grinder for 3 turns
  4577 | D:5      | Killed Grinder
  4577 | D:5      | Reached skill level 5 in Polearms
  4577 | D:5      | Reached XP level 8. HP: 11/61 MP: 2/10
  4868 | D:5      | Found a basalt altar of Yredelemnul.
  4999 | D:5      | Found a basalt altar of Yredelemnul.
  5045 | D:5      | Noticed Dowan
  5050 | D:5      | Noticed Duvessa
  5067 | D:5      | Killed Duvessa
  5082 | D:5      | Killed Dowan
  5184 | D:5      | Reached skill level 5 in Armour
  5184 | D:5      | Reached skill level 5 in Shields
  5324 | D:5      | Found a broken altar of Ashenzari.
  5361 | D:5      | Reached skill level 5 in Fighting
  5863 | D:6      | Found a staircase to the Ecumenical Temple.
  5927 | D:6      | Learned a level 1 spell: Corona
  6121 | D:6      | Reached XP level 9. HP: 65/68 MP: 12/12
  6329 | D:6      | Reached ** piety under the Shining One
  6331 | D:6      | Found Ziar's Book Shoppe.
  6343 | D:6      | Reached skill level 1 in Spellcasting
  6373 | D:6      | Noticed Maggie
  6385 | D:6      | Killed Maggie
  6385 | D:6      | Reached skill level 6 in Polearms
  7344 | D:6      | Gained mutation: Your mind is acute. (Int +2) [potion of
                  | mutation]
  7344 | D:6      | Gained mutation: Your spells are a little harder to cast,
                  | but a little more powerful. [potion of mutation]
  7622 | D:7      | Reached skill level 5 in Invocations
  7773 | D:7      | Reached XP level 10. HP: 54/76 MP: 10/14
  7876 | D:7      | Reached skill level 7 in Polearms
  8137 | D:7      | Reached *** piety under the Shining One
  8152 | D:7      | Found an ancient bone altar of Kikubaaqudgha.
  8346 | D:7      | Found a shimmering altar of Xom.
  8972 | D:8      | Reached skill level 8 in Polearms
  9007 | D:8      | Noticed a two-headed ogre
  9016 | D:8      | HP: 3/77 [two-headed ogre/+0 giant club (11)]
  9018 | D:8      | Slain by a two-headed ogre

Illustrated notes

Levels and vault maps discovered:
D:1:      dpeg_arrival_tiny_a, layout_basic, minivault_26, tso_metal_star
D:2:      layout_basic
D:3:      layout_loops_ring, tgw_trog
D:4:      layout_cave_pools, nicolae_overflow_crystal_walls, marbit_many_paths,
          serial_shops, nicolae_shop_trees, ebering_dispersal_statue_hall
D:5:      layout_basic, lemuel_coloured_pillars_altar, serial_shops,
          kennysheep_mini_moat, basic_altar, nicolae_ashenzari_panopticon,
          uniq_grinder, uniq_duvessa
D:6:      layout_basic, minmay_temple_entry_wispy, serial_shops, shop,
          minmay_quadrilaterals, uniq_maggie
D:7:      layout_loops_corners, lemuel_zombie_altar_kikubaaqudgha,
          xom_confusion_cloud, st_stairs_2
D:8:      layout_loops_ring, nicolae_dithmenos_through_a_glass_darkly,
          due_lair_maze_entry_diamond, basic_altar

Skill      XL: |  1  2  3  4  5  6  7  8  9 10 |
---------------+-------------------------------+-----
Polearms       | 3 4 5 6 8 |  8.0
Invocations    | 1 3 4 5 6 |  6.2
Armour         | 4 5 6 |  6.8
Shields        | 4 5 |  5.9
Fighting       | 4 5 6 |  6.6
Spellcasting   | 2 3 |  3.6
Dodging        | |  0.7

Action                   |  1- 3 |  4- 6 |  7- 9 | 10-12 || total
-------------------------+-------+-------+-------+-------++-------
Melee: Trident           |    98 |   178 |   215 |       ||   491
       Glaive            |       |       |    55 |   105 ||   160
Throw: Javelin           |       |     2 |       |       ||     2
  Use: Scroll            |       |     6 |     9 |     2 ||    17
       Potion            |       |       |    12 |       ||    12
Armor: Scale mail        |    44 |     2 |       |       ||    46
       Leather armour    |       |    60 |    73 |       ||   133
       Swamp dragon scal |       |       |    17 |    63 ||    80
Dodge: Dodged            |    32 |    54 |   104 |    88 ||   278
Block: Kite shield       |    47 |    79 |    98 |       ||   224

Table legend: (Time is in decaauts)
 A = Elapsed time spent in this place.
 B = Non-inter-level travel time spent in this place.
 C = Inter-level travel time spent in this place.
 D = Time resting spent in this place.
 E = Time spent auto-exploring this place.
 F = Levels seen in this place.
 G = Mean time per level.
                   A        B        C        D        E       F      G
               +--------+--------+--------+--------+--------+-----+--------+
         Total |   9140 |   9016 |    124 |      0 |   3386 |   8 | 1142.5 |
       Dungeon |   9140 |   9016 |    124 |      0 |   3386 |   8 | 1142.5 |
               +--------+--------+--------+--------+--------+-----+--------+

Top non-repeatable levels by time:
     D:6: 1764 daAuts
     D:3: 1505 daAuts
     D:5: 1436 daAuts
     D:7: 1318 daAuts
     D:4: 1071 daAuts
     D:2: 965 daAuts
     D:1: 943 daAuts
     D:8: 135 daAuts
